 Dungeon Crawl Stone Soup version 0.17-a0-1262-gd250d98 (webtiles) character file.

629966 wvc the Impregnable (level 27, -1/217 HPs)
             Began as a Halfling Gladiator on June 5, 2015.
             Was the Champion of the Shining One.
             Slain by an Ice Fiend (12 damage)
             ... summoned by an ancient lich
             ... on level 3 of the Crypt on June 6, 2015.
             The game lasted 05:29:54 (69847 turns).

wvc the Impregnable (Halfling Gladiator)           Turns: 69847, Time: 05:29:55

Health: -1/217     AC: 47    Str: 17    XL:     27
Magic:  18/28      EV: 25    Int:  7    God:    the Shining One [******]
Gold:   2095       SH:  0    Dex: 35    Spells: 4 memorised, 19 levels left

rFire  + . .     SeeInvis +     a - +7 lajatang (flame)
rCold  + . .     Clarity  .     j - +12 gold dragon armour
rNeg   + + +     SustAt   .     (shield restricted)
rPois  +         Gourm    .     M - -1 hat "Roucugh" {rPois Str+4 Dex+4 Stlth+}
rElec  +         Spirit   .     K - +1 cloak {MR+}
rCorr  .         Warding  .     P - +0 pair of gloves of the Bells {rElec Str-2 Dex+3 Slay+3}
rMut   .         Stasis   .     E - +2 pair of boots {Stlth+}
MR     ++++.                    Q - amulet of the Air {Inacc +Fly rElec EV+5 RMsl}
Stlth  ..........               U - ring of protection from magic
                                S - ring of see invisible

@: glowing, repel missiles, incredibly resistant to hostile enchantments,
extremely unstealthy
A: mutation resistance 1
a: Divine Shield, Cleansing Flame, Summon Divine Warrior, Renounce Religion,
Evoke Flight
}: 3/15 runes: decaying, silver, gossamer


You were on level 3 of the Crypt.
You worshipped the Shining One.
The Shining One was exalted by your worship.
You were not hungry.

You visited 10 branches of the dungeon, and saw 51 of its levels.
You visited the Abyss 1 time.
You also visited: Labyrinth, Bailey and Volcano.

You collected 8603 gold pieces.
You spent 6508 gold pieces at shops.

Inventory:

Hand weapons
 a - a +7 lajatang of flaming (weapon)
Armour
 j - a +12 gold dragon armour (worn)
 E - a +2 pair of boots of stealth (worn)
 K - a +1 cloak of magic resistance (worn)
 M - the -1 hat "Roucugh" (worn) {rPois Str+4 Dex+4 Stlth+}
   (Okawaru gifted it to you on level 6 of the Lair of Beasts)

   It affects your strength (+4).
   It affects your dexterity (+4).
   It protects you from poison.
   It makes you more stealthy.
 P - the +0 pair of gloves of the Bells (worn) {rElec Str-2 Dex+3 Slay+3}
   (You bought it in a shop on level 1 of the Orcish Mines)

   It affects your strength (-2).
   It affects your dexterity (+3).
   It affects your accuracy and damage with ranged weapons and melee attacks
   (+3).
   It insulates you from electricity.
Jewellery
 b - an uncursed ring of fire
 i - an uncursed amulet of regeneration
 o - an uncursed amulet of resist corrosion
 p - an uncursed ring of teleport control
 w - an uncursed ring of sustain attributes
 y - an uncursed ring of positive energy
 A - an uncursed amulet of clarity
 D - the amulet "Fogaf" {+Rage Dex+4}
   (You found it on level 3 of the Lair of Beasts)

   [amulet of rage]

   It affects your dexterity (+4).
   It lets you go berserk.
 Q - the amulet of the Air (around neck) {Inacc +Fly rElec EV+5 RMsl}
   (You found it on level 3 of the Elven Halls)

   [amulet of inaccuracy]

   It reduces the accuracy of all your attacks.
   It affects your evasion (+5).
   It insulates you from electricity.
   It lets you fly.
   It protects you from missiles.
 R - the ring "Jampixyiwn" {-Tele Str+4 Slay+4}
   (You took it off a deep elf demonologist on level 3 of the Elven Halls)

   [ring of slaying]

   It affects your strength (+4).
   It affects your accuracy and damage with ranged weapons and melee attacks
   (+4).
   It prevents most forms of teleportation.
 S - a ring of see invisible (left hand)
 U - a ring of protection from magic (right hand)
 V - an uncursed ring of wizardry
Magical devices
 d - a wand of hasting (4)
 m - a wand of invisibility (6)
 q - a wand of teleportation (3)
 x - a wand of heal wounds (8)
 C - a wand of teleportation (3)
 G - a wand of teleportation (7)
 N - a wand of hasting (5)
Scrolls
 c - 9 scrolls of fear
 f - 5 scrolls of immolation
 h - 16 scrolls of remove curse
 n - 5 scrolls of fog
 r - 6 scrolls of identify
 s - a scroll of summoning
 v - 2 scrolls of amnesia
 B - 4 scrolls of blinking
 H - 11 scrolls of teleportation
 X - 4 scrolls of magic mapping
Potions
 g - 12 potions of berserk rage
 k - 4 potions of cure mutation
 l - 9 potions of cancellation
 t - 11 potions of flight
 u - 10 potions of brilliance
 z - 27 potions of curing
 F - 5 potions of resistance
 I - 4 potions of heal wounds
 J - a potion of invisibility
 L - 9 potions of agility
 O - a potion of might
 T - a potion of magic
 W - 3 potions of haste
Miscellaneous
 Z - a fan of gales
Comestibles
 e - 16 bread rations


   Skills:
 - Level 25.0 Fighting
 - Level 15.4 Staves
 - Level 2.6 Throwing
 + Level 26.4 Armour
 * Level 16.5 Dodging
 + Level 2.3 Charms
 + Level 2.1 Translocations
 + Level 2.1 Air Magic
 * Level 7.2 Invocations
 + Level 3.0 Evocations


You had 19 spell levels left.
You knew the following spells:

 Your Spells              Type           Power        Failure   Level  Hunger
a - Apportation           Tloc           #.........   100%        1    ##.....
b - Blink                 Tloc           N/A          100%        2    ###....
c - Repel Missiles        Chrm/Air       #.....       100%        2    ###....
d - Swiftness             Chrm/Air       #.......     100%        2    ###....


Dungeon Overview and Level Annotations

Branches:
Dungeon (15/15)            Temple (1/1) D:6            Lair (8/8) D:8
  Swamp (4/4) Lair:4       Spider (4/4) Lair:6        Slime (0/6) Lair:7
    Orc (4/4) D:9             Elf (3/3) Orc:4        Vaults (5/5) D:13
  Crypt (3/3) Vaults:3       Tomb (0/3) Crypt:3      Depths (4/5) D:15

Altars:
Ashenzari
Dithmenos
Elyvilon
Fedhas
Kikubaaqudgha
Makhleb
Nemelex Xobeh
Okawaru
Qazlal
Sif Muna
Trog
Vehumet
Xom
Yredelemnul
Zin
The Shining One
Beogh
Jiyva

Shops:
D:5 }   D:12 [:(!   Orc:1 [   Orc:4 [}!%!?*   Elf:1 ?   Elf:3 *   Vaults:1 [*[
Vaults:2 [   Depths:1 %

Portals:
Hell: Depths:1 Depths:3 Depths:4
Pandemonium: Depths:1 Depths:2 Depths:3
Ziggurat: Depths:3

Annotations:
D:6 Baka's ghost, experienced GrFi
Lair:1 asdu's ghost, experienced GrGl
Lair:4 exclusion: ice statue
Lair:8 exclusion: oklob plant
Elf:2 3 runed doors
Depths:2 1 exclusion
Depths:3 exclusion: downstairs


Innate Abilities, Weirdness & Mutations

You are small and have problems with some larger weapons.
You are somewhat resistant to further mutation.


Message History

The ancient lich shouts!
You hit the ancient lich but do no damage.
The ancient lich is moderately damaged.
The ancient lich gestures at you while chanting.
You feel haunted.
The Ice Fiend claws you but does no damage.
The Ice Fiend closely misses you.
The Brimstone Fiend hits you but does no damage.
The Brimstone Fiend hits you.
* * * LOW HITPOINT WARNING * * *
The Brimstone Fiend closely misses you.
You slice the ancient lich!! You burn the ancient lich.
The ancient lich is heavily damaged.
The ancient lich closely misses you. The ancient lich touches you!
* * * LOW HITPOINT WARNING * * *
Unknown command.
You completely miss the ancient lich.
The ancient lich is heavily damaged.
The Ice Fiend misses you. The Ice Fiend claws you!
You die...

..#...'.......'..(#...♣....♣...♣♣
..#..###########.)#.......♣..♣..♣
.##### ... #####...........♣. P#
:.). ....#.........♣P.. ## :⌠).(
#..###........♣..♣ ##
)).}.##..###.......♣.... .#
.....W1Z..#.P.........♣. .# #
#.ZLL1W#...P♣.#..♣... ## ##..
####@####............ ## ....
#..1###.......[.... .# ##'##
###.W#.P....######. .# ##...##
#..#.........♣... ##
####.....####.###............ #
#⌠#.......#⌠#=##############.
#.'...#...'.#.[.......'....##
#.......#.###########....#.
##)....##...).##32# #....##


You could see 2 ancient liches, 2 Brimstone Fiends, an Ice Fiend, a freezing
wraith, a hungry ghost, a wraith, an anaconda skeleton and a titan skeleton.

Vanquished Creatures
  Mara (Vaults:4)
  Sojobo (Crypt:3)
  An ancient lich (Depths:4)
  Frederick (Depths:2)
  Norris (Vaults:1)
  2 caustic shrikes
  5 golden dragons
  the Enchantress (Depths:3)
  Arachne (Spider:3)
  6 tentacled monstrosities
  Asterion (Vaults:1)
  5 deep elf blademasters
  A quicksilver dragon (Vaults:5)
  7 liches
  2 sphinxes (Vaults:5)
  7 titans
  9 deep elf master archers
  6 tentacled starspawn (Abyss:1)
  An octopode crusher (Depths:1)
  2 ancient champions (Crypt:1)
  3 shadow dragons
  10 tengu reavers
  2 revenants (Crypt:1)
  2 storm dragons
  Roxanne (Elf:2)
  2 thorn hunters
  A daeva (Abyss:1)
  Wiglaf (Vaults:1)
  Donald (Elf:3)
  21 frost giants
  5 ghost moths
  4 deep elf sorcerers (Elf:3)
  Maud (Lair:3)
  18 fire giants
  Aizul (Depths:3)
  An iron dragon (Depths:3)
  3 curse skulls
  15 vault wardens
  A cacodemon (Depths:1)
  4 emperor scorpions
  4 spriggan defenders
  8 ironheart preservers
  9 ghouls
  10 very ugly things
  A draconian annihilator (Depths:4)
  27 stone giants
  A reaper (Crypt:3)
  3 vampire knights
  2 war gargoyles
  2 green draconians (Crypt:3)
  16 deep elf annihilators
  6 deep elf demonologists (Elf:3)
  A lorocyproca (Abyss:1)
  A black draconian (Crypt:2)
  The ghost of WhatIsLove the Transmogrifier, a powerful NaTm of Cheibriados (D:11)
  A green death (Depths:3)
  6 eidola
  Snorg (Lair:5)
  12 ettins
  2 merfolk javelineers (Depths:3)
  7 jiangshi
  10 deep elf death magi
  A mummy priest (Crypt:3)
  6 fire dragons
  3 deep elf high priests
  Josephine (Orc:4)
  28 vault guards
  10 entropy weavers
  13 great orbs of eyes
  6 rakshasas
  2 great orbs of eyes (shapeshifter)
  Fannar (Orc:1)
  16 yaktaur captains
  A minotaur (Lab)
  8 ice dragons
  The ghost of WhatIsLove the Transmogrifier, a powerful CeTm (Lair:5)
  15 centaur warriors
  18 hydras
  3 salamander stormcallers
  4 catoblepae
  3 spriggan air magi
  Erica (D:8)
  A death knight (Crypt:1)
  14 ogre magi
  5 dancing weapons
  9 deep troll shamans
  17 death yaks
  A vampire mage (Depths:2)
  The ghost of kidanger the Reanimator, an experienced DDNe of Yredelemnul (Lair:1)
  5 alligators
  7 tengu warriors
  6 large abominations (Abyss:1)
  10 deep troll earth magi
  A hell hog (Abyss:1)
  4 spriggans
  A fire crab (Vaults:3)
  6 orc high priests
  5 soul eaters
  3 spriggan berserkers
  24 hell knights
  A titan skeleton (Crypt:3)
  5 shadow wraiths
  4 wretched stars (Abyss:1)
  A fire crab (shapeshifter) (Vaults:2)
  2 sea snakes (shapeshifter) (Depths:4)
  3 unseen horrors
  6 iron trolls
  A spatial maelstrom (Abyss:1)
  27 skeletal warriors
  An anaconda zombie (Abyss:1)
  An ice devil (Depths:3)
  14 deep elf knights
  A spriggan druid (Swamp:2)
  24 deep trolls
  6 giant orange brains
  2 putrid demonspawn
  11 ironbrand convokers
  9 swamp dragons
  2 flayed ghosts
  10 deep elf summoners
  15 necromancers
  A golden dragon skeleton (Crypt:3)
  Pikel (D:8)
  5 hill giants
  5 shambling mangroves
  5 oklob plants
  2 wolf spider zombies (D:14)
  A mana viper (Abyss:1)
  8 griffons
  9 orb spiders
  22 wolf spiders
  29 deep elf conjurers
  4 wizards
  9 phantasmal warriors
  11 harpies
  2 human zombies
  2 orc sorcerers
  11 orc knights
  A frost giant zombie (Crypt:3)
  2 lindwurms (Lair:6)
  A hornet (shapeshifter) (Vaults:4)
  A faun (shapeshifter) (Depths:1)
  44 ugly things
  3 sixfirhies
  2 stone giant zombies
  A fire giant zombie (Abyss:1)
  A water nymph (shapeshifter) (Depths:1)
  2 manticores
  3 worldbinders (Abyss:1)
  19 elephants
  11 hornets
  2 apocalypse crabs (Abyss:1)
  2 gargoyles
  6 cyclopes
  3 black mambas
  A torpor snail (Lair:5)
  5 smoke demons (Abyss:1)
  An octopode (shapeshifter) (Vaults:3)
  A rust devil (Depths:1)
  15 vault sentinels
  11 komodo dragons
  A spiny frog (shapeshifter) (Vaults:2)
  A black draconian zombie (Crypt:3)
  12 demonic crawlers
  A dire elephant skeleton (Crypt:3)
  2 kobold demonologists
  7 fire drakes
  29 spiny frogs
  An efreet (Abyss:1)
  A guardian mummy (Crypt:3)
  5 deep elf priests
  47 yaktaurs
  7 ancient zymes (Abyss:1)
  13 hellwings
  A human skeleton (Vaults:1)
  8 freezing wraiths
  2 red devils
  3 giant leeches
  A sea snake skeleton (Crypt:1)
  A wandering mushroom (Lair:7)
  2 polar bears
  A hydra zombie (Abyss:1)
  A minotaur zombie (Crypt:2)
  A fire vortex (Vaults:5)
  18 two-headed ogres
  4 tengu conjurers
  4 trolls
  A blue devil (Depths:1)
  15 bog bodies
  A merfolk (shapeshifter) (Vaults:5)
  17 jumping spiders
  A boulder beetle (shapeshifter) (D:13)
  A hydra skeleton (Crypt:3)
  38 slime creatures
  A trapdoor spider (shapeshifter) (Depths:3)
  3 boulder beetles
  27 ravens
  24 blink frogs
  14 small abominations (Abyss:1)
  15 trapdoor spiders
  2 ettin zombies (Crypt:3)
  6 raiju (Abyss:1)
  A blink frog (shapeshifter) (Elf:2)
  2 vampires
  2 wyverns
  A fire dragon zombie (Crypt:3)
  A centaur simulacrum (D:14)
  15 shadows
  3 water elementals (Depths:1)
  28 tarantellas
  An ice dragon skeleton (Crypt:3)
  5 flying skulls
  19 deep elf fighters
  A human (shapeshifter) (Vaults:3)
  29 deep elf magi
  5 fire bats (Abyss:1)
  4 ynoxinuls (Abyss:1)
  39 redbacks
  20 wraiths
  6 neqoxecs
  4 hungry ghosts
  A black mamba skeleton (Crypt:1)
  39 yaks
  A hog (Volcano)
  Grum (D:8)
  A basilisk (D:14)
  2 chaos spawn (Abyss:1)
  28 wolves
  8 hippogriffs
  28 vampire mosquitoes
  A soldier ant (D:13)
  Menkaure (D:7)
  2 mottled dragons
  20 insubstantial wisps
  3 steam dragons
  11 swamp worms
  9 wargs
  3 spatial vortices (Abyss:1)
  A merfolk zombie (Crypt:2)
  A hell hound (Abyss:1)
  7 raven skeletons (Crypt:3)
  A trapdoor spider simulacrum (D:14)
  43 orc warriors
  A gelid demonspawn zombie (Crypt:1)
  3 sky beasts
  5 wasps
  19 water moccasins
  18 ice beasts
  9 porcupines
  2 black bears
  18 spiders
  A slave (D:8)
  9 swamp drakes
  A manticore zombie (Crypt:3)
  39 ogres
  3 phantoms
  A snapping turtle zombie (Crypt:3)
  16 centaurs
  14 boggarts
  5 necrophages
  An elephant skeleton (Crypt:1)
  3 eyes of draining
  An orc skeleton (Vaults:1)
  15 crocodiles
  2 brain worms
  An elf zombie (Crypt:3)
  A salamander zombie (Crypt:2)
  4 big kobolds
  An octopode zombie (Crypt:2)
  A wyvern zombie (D:13)
  24 giant frogs
  2 earth elementals (Abyss:1)
  5 scorpions
  A wyvern skeleton (D:11)
  A spriggan zombie (Crypt:3)
  3 killer bees
  A troll zombie (Crypt:1)
  A human simulacrum (Vaults:3)
  A polar bear skeleton (Crypt:1)
  A yak zombie (Crypt:2)
  13 wights
  6 quasits
  3 electric eels (Spider:1)
  A giant frog zombie (D:12)
  A soldier ant zombie (Crypt:1)
  9 starcursed masses (Abyss:1)
  51 orc priests
  4 jellies
  4 centaur zombies
  4 giant frog skeletons
  5 hounds
  2 yaktaur simulacra
  12 crimson imps
  Ijyb (D:3)
  6 centaur skeletons
  39 orc wizards
  3 iron imps (Depths:3)
  4 worker ants
  A black bear skeleton (Crypt:1)
  2 iguanas
  A brain worm zombie (Crypt:2)
  46 sheep
  A demigod skeleton (Crypt:2)
  2 hound skeletons
  3 hound zombies
  A mummy (Crypt:3)
  3 gnolls (D:8)
  67 river rats
  5 shadow imps
  10 adders
  5 white imps
  9 ufetubi
  3 oozes
  2 adder skeletons
  A worm (D:2)
  2 giant geckos (D:4)
  191 orcs
  A ball python (D:3)
  12 bats
  3 bat skeletons
  A bat zombie (D:6)
  5 giant cockroaches
  19 hobgoblins
  11 jackals
  3 quokkas
  A giant gecko skeleton (D:4)
  A giant gecko zombie (Crypt:1)
  4 giant newts
  24 goblins
  34 kobolds
  A lurking horror (Abyss:1)
  A quokka skeleton (Crypt:1)
  14 rats
  A rat skeleton (Crypt:2)
  A plant (Lair:3)
  4 starspawn tentacles (Abyss:1)
2597 creatures vanquished.

Vanquished Creatures (others)
  Nikola (Spider:2)
  An eldritch tentacle (Vaults:5)
  A tengu reaver (Vaults:5)
  A vault warden (Vaults:5)
  3 fire giants
  A deep elf knight (Crypt:1)
  A deep elf summoner (Elf:3)
  A deep elf conjurer (Elf:1)
  A vault sentinel (Vaults:5)
  A fire drake (Volcano)
  2 trolls (D:9)
  2 deep elf fighters
  A vampire mosquito (Swamp:2)
  A slave (D:8)
  An orc warrior (Volcano)
  A centaur (Depths:1)
  A big kobold (D:9)
  An orc wizard (D:9)
  2 worker ants (D:9)
  A small abomination (Abyss:1)
  A sheep (Lair:4)
  2 giant geckos
  3 orcs
  A rat (D:9)
  A briar patch (Swamp:4)
  88 eldritch tentacle segments (Vaults:5)
  13 fungi
  7 lost souls
  9 plants
  13 starspawn tentacles (Abyss:1)
  142 starspawn tentacle segments (Abyss:1)
305 creatures vanquished.

Grand Total: 2902 creatures vanquished

Notes
Turn   | Place    | Note
--------------------------------------------------------------
     0 | D:1      | wvc the Halfling Gladiator began the quest for the Orb.
     0 | D:1      | Reached XP level 1. HP: 14/14 MP: 1/1
   156 | D:1      | Reached XP level 2. HP: 19/19 MP: 2/2
   841 | D:2      | Reached XP level 3. HP: 15/24 MP: 3/3
  1001 | D:2      | Found a glowing golden altar of the Shining One.
  1170 | D:2      | Reached skill level 1 in Armour
  1697 | D:3      | Found a blossoming altar of Fedhas.
  1707 | D:3      | Reached XP level 4. HP: 29/29 MP: 4/4
  1828 | D:3      | Noticed Ijyb
  1851 | D:3      | Killed Ijyb
  1851 | D:3      | Reached skill level 4 in Staves
  1851 | D:3      | Reached XP level 5. HP: 31/34 MP: 5/5
  1869 | D:3      | Found a shadowy altar of Dithmenos.
  2106 | D:4      | Noticed an ogre
  2127 | D:4      | Killed an ogre
  2127 | D:4      | Reached XP level 6. HP: 27/39 MP: 6/6
  2382 | D:4      | Reached skill level 5 in Staves
  2654 | D:4      | Noticed an ogre
  2667 | D:4      | Killed an ogre
  2667 | D:4      | Reached skill level 6 in Staves
  2667 | D:4      | Reached XP level 7. HP: 44/44 MP: 7/7
  2887 | D:5      | Entered Level 5 of the Dungeon
  3076 | D:5      | Found Qaithroy's Quality Used Wands.
  3086 | D:5      | Bought a wand of teleportation (0) for 120 gold pieces
  3365 | D:5      | Reached skill level 7 in Staves
  3365 | D:5      | Reached XP level 8. HP: 38/49 MP: 8/8
  3395 | D:6      | Noticed Baka's ghost (experienced GrFi)
  3695 | D:6      | Found a staircase to the Ecumenical Temple.
  3749 | Temple   | Entered the Ecumenical Temple
  3778 | Temple   | Became a worshipper of Warmaster Okawaru
  3983 | D:6      | Reached skill level 8 in Staves
  4561 | D:7      | Found a glowing silver altar of Zin.
  4561 | D:7      | Found a deep blue altar of Sif Muna.
  4603 | D:7      | Acquired Okawaru's first power
  4603 | D:7      | Reached skill level 9 in Staves
  4603 | D:7      | Reached XP level 9. HP: 44/54 MP: 9/9
  4642 | D:7      | Noticed Menkaure
  4954 | D:7      | Killed Menkaure
  5259 | D:8      | Reached skill level 10 in Staves
  5352 | D:8      | Noticed Pikel
  5379 | D:8      | Killed Pikel
  5379 | D:8      | Reached skill level 1 in Invocations
  5417 | D:8      | Noticed Erica
  5451 | D:8      | Killed Erica
  5451 | D:8      | Reached skill level 11 in Staves
  5451 | D:8      | Reached XP level 10. HP: 51/60 MP: 11/11
  5510 | D:8      | Found a staircase to the Lair.
  5697 | D:8      | Noticed Grum
  5710 | D:8      | Killed Grum
  5856 | D:7      | Reached skill level 12 in Staves
  6893 | Lair:1   | Entered Level 1 of the Lair of Beasts
  6927 | Lair:1   | Noticed a spiny frog
  6931 | Lair:1   | Noticed a six-headed hydra
  7053 | D:8      | Killed a spiny frog
  7053 | D:8      | Reached XP level 11. HP: 29/64 MP: 10/12
  7181 | D:9      | Reached skill level 13 in Staves
  7300 | D:9      | Found a shimmering altar of Xom.
  7574 | D:9      | Found a staircase to the Orcish Mines.
  7663 | D:10     | Entered Level 10 of the Dungeon
  7777 | D:10     | Reached skill level 1 in Evocations
  8203 | D:10     | Noticed a hill giant
  8224 | D:10     | Killed a hill giant
  8450 | D:10     | Acquired Okawaru's second power
  8811 | D:11     | Noticed an unseen horror
  8819 | D:11     | Killed an unseen horror
  8821 | D:11     | Noticed WhatIsLove's ghost (powerful NaTm)
  9042 | D:11     | Noticed a cyan ugly thing
  9061 | D:11     | Killed a cyan ugly thing
  9087 | D:11     | Received a gift from Okawaru
  9116 | D:11     | Found a flagged portal.
  9122 | Bailey   | Entered a bailey
  9146 | Bailey   | Noticed an orc knight
  9338 | Bailey   | Killed an orc knight
  9470 | Bailey   | Reached skill level 5 in Dodging
  9665 | D:11     | Reached XP level 12. HP: 65/72 MP: 13/13
  9734 | D:11     | Noticed a hill giant
  9763 | D:11     | Received a gift from Okawaru
  9795 | D:11     | Killed a hill giant
  9820 | D:11     | Noticed a cyclops
  9828 | D:11     | Killed a cyclops
 10256 | Lair:1   | Noticed kidanger's ghost (experienced DDNe)
 10287 | Lair:1   | Killed kidanger's ghost
 10287 | Lair:1   | Reached skill level 14 in Staves
 10355 | Lair:1   | Noticed asdu's ghost (experienced GrGl)
 10701 | Lair:2   | Found a labyrinth entrance.
 10710 | Lab      | Entered a labyrinth
 10984 | Lab      | Noticed a minotaur
 11009 | Lab      | Killed a minotaur
 11009 | Lab      | Reached skill level 5 in Armour
 11059 | Lab      | Learned a level 1 spell: Apportation
 11062 | Lab      | Learned a level 2 spell: Blink
 11065 | Lab      | Learned a level 2 spell: Repel Missiles
 11167 | Lair:1   | Reached skill level 5 in Fighting
 11614 | Lair:2   | Received a gift from Okawaru
 11949 | Lair:2   | Reached XP level 13. HP: 52/83 MP: 14/14
 12044 | Lair:2   | Received a gift from Okawaru
 12090 | Lair:2   | Found a radiant altar of Vehumet.
 12232 | Lair:2   | Killed a six-headed hydra
 13162 | Lair:3   | Got a sparkling silver amulet
 13168 | Lair:3   | Identified the amulet "Fogaf" {+Rage Dex+4} (You found it on level 3 of the Lair of Beasts)
 13334 | Lair:3   | Noticed Maud
 13360 | Lair:3   | Killed Maud
 13684 | Lair:3   | Noticed Sonja
 13693 | Lair:3   | Noticed Sonja
 13693 | Lair:3   | Sonja changed into Sonja the fire drake
 13704 | Lair:3   | Killed Sonja the fire drake
 14042 | Lair:3   | Upgraded the game from 0.17-a0-1245-g990a8d8 to 0.17-a0-1248-g117de50
 14411 | Lair:4   | Found a bloodstained altar of Trog.
 14476 | Lair:4   | Found a staircase to the Swamp.
 14816 | Lair:4   | Reached skill level 10 in Armour
 15322 | Lair:5   | Received a gift from Okawaru
 15322 | Lair:5   | Reached XP level 14. HP: 61/97 MP: 15/15
 15639 | Lair:5   | Reached skill level 10 in Fighting
 15756 | Lair:5   | Noticed WhatIsLove's ghost (powerful CeTm)
 15775 | Lair:5   | Killed WhatIsLove's ghost
 15841 | Lair:5   | Identified the Disquisition on Curses (You found it on level 5 of the Lair of Beasts)
 15883 | Lair:5   | Noticed Snorg
 15940 | Lair:5   | Killed Snorg
 15943 | Lair:5   | Received a gift from Okawaru
 16668 | Lair:6   | Found a hole to the Spider Nest.
 16831 | Lair:6   | Received a gift from Okawaru
 16836 | Lair:6   | Got a pitted hat {god gift}
 16847 | Lair:6   | Identified the -1 hat "Roucugh" {rPois Str+4 Dex+4 Stlth+} (Okawaru gifted it to you on level 6 of the Lair of Beasts)
 17606 | Lair:7   | Reached XP level 15. HP: 59/108 MP: 16/16
 17815 | Lair:7   | Found a viscous altar of Jiyva.
 17815 | Lair:7   | Found a staircase to the Slime Pits.
 17981 | Lair:7   | Found a dark tunnel.
 17990 | Volcano  | Entered a volcano
 18312 | Lair:7   | Received a gift from Okawaru
 18733 | Lair:8   | Entered Level 8 of the Lair of Beasts
 18796 | Lair:8   | Got a transparent leather armour
 18828 | Lair:8   | Identified the +1 leather armour of Patterns {rF+ Str+3} (You found it on level 8 of the Lair of Beasts)
 19466 | Lair:8   | Received a gift from Okawaru
 19692 | Lair:8   | Received a gift from Okawaru
 19713 | Lair:8   | Got an iridescent quick blade {god gift}
 19714 | Lair:8   | Identified the +4 quick blade "Nenasut" {drain, Str+2 Dex+3 Stlth+} (Okawaru gifted it to you on level 8 of the Lair of Beasts)
 20289 | Lair:3   | Reached XP level 16. HP: 118/118 MP: 17/17
 20423 | Orc:1    | Entered Level 1 of the Orcish Mines
 20525 | Orc:1    | Found Cuotwoxa's Antique Armour Boutique.
 20532 | Orc:1    | Bought a pair of heavily runed gloves for 323 gold pieces
 20532 | Orc:1    | Bought a runed cloak for 153 gold pieces
 20542 | Orc:1    | Identified the cursed +0 pair of gloves of the Bells {rElec Str-2 Dex+3 Slay+3} (You bought it in a shop on level 1 of the Orcish Mines)
 20639 | Orc:1    | Noticed Fannar
 20651 | Orc:1    | Killed Fannar
 21843 | Orc:4    | Entered Level 4 of the Orcish Mines
 21843 | Orc:4    | Found Qayrarrirhu's Distillery.
 21877 | Orc:4    | Bought a potion of curing for 30 gold pieces
 21877 | Orc:4    | Bought a potion of curing for 30 gold pieces
 21877 | Orc:4    | Bought a potion of curing for 30 gold pieces
 21877 | Orc:4    | Bought a potion of beneficial mutation for 350 gold pieces
 21877 | Orc:4    | Bought a potion of cancellation for 80 gold pieces
 21877 | Orc:4    | Bought a potion of experience for 500 gold pieces
 21877 | Orc:4    | Bought a potion of agility for 40 gold pieces
 21877 | Orc:4    | Bought a potion of resistance for 100 gold pieces
 21877 | Orc:4    | Bought a potion of agility for 40 gold pieces
 21877 | Orc:4    | Bought a potion of heal wounds for 50 gold pieces
 21879 | Orc:4    | Reached XP level 17. HP: 125/125 MP: 18/18
 21880 | Orc:4    | Reached XP level 18. HP: 131/131 MP: 19/19
 21904 | Orc:4    | Found Xusinug's Food Emporium.
 21948 | Orc:4    | Found Xyuques's Distillery.
 22022 | Orc:4    | Found Hoceuxt's Armour Shop.
 22031 | Orc:4    | HP: 5/131 [orc priest/divine providence (16)]
 22045 | Orc:4    | Was placed under penance by Okawaru
 22340 | Orc:4    | Noticed Josephine
 22353 | Orc:4    | Killed Josephine
 22710 | Orc:3    | Was forgiven by Okawaru
 22818 | Orc:4    | Found Iwutetov's Assorted Antiques.
 22818 | Orc:4    | Found Jywuf's Magic Scroll Shop.
 22824 | Orc:4    | Bought a scroll of brand weapon for 320 gold pieces
 22893 | Orc:4    | Found a roughly hewn altar of Beogh.
 22914 | Orc:4    | Found Huma's Gadget Shoppe.
 23027 | Orc:4    | Found a staircase to the Elven Halls.
 23384 | D:11     | Noticed an unseen horror
 23387 | D:11     | Killed an unseen horror
 23483 | D:11     | Killed WhatIsLove's ghost
 23892 | D:12     | Found Ylene's Antique Weapon Shop.
 23977 | D:12     | Received a gift from Okawaru
 24022 | D:12     | Reached skill level 15 in Fighting
 24132 | D:12     | Identified the Incunabulum of Combed Thunderclap
 24145 | D:12     | Identified the Volume of Sand
 24156 | D:12     | Identified the Almanac of Axaxaxas mlö
 24255 | D:12     | Found Dogheom's Book Emporium.
 24290 | D:12     | Found Isoodghee's Distillery.
 24295 | D:12     | Bought 2 potions of heal wounds for 130 gold pieces
 24295 | D:12     | Bought a potion of heal wounds for 65 gold pieces
 24295 | D:12     | Bought a potion of heal wounds for 65 gold pieces
 24295 | D:12     | Bought 2 potions of haste for 260 gold pieces
 24494 | D:12     | Found Fotin's Antique Armour Shop.
 25031 | D:13     | Received a gift from Okawaru
 25246 | D:13     | Found a gate to the Vaults.
 26327 | D:14     | Received a gift from Okawaru
 26427 | D:14     | Identified a scroll of acquirement
 26650 | D:14     | Reached skill level 15 in Armour
 26789 | D:14     | Received a gift from Okawaru
 26976 | D:14     | Reached skill level 16 in Fighting
 27249 | D:15     | Entered Level 15 of the Dungeon
 27307 | D:15     | Reached XP level 19. HP: 141/141 MP: 20/20
 27815 | D:15     | Found a staircase to the Depths.
 28377 | Spider:1 | Entered Level 1 of the Spider Nest
 29544 | Spider:2 | Noticed Nikola
 29567 | Spider:2 | Reached skill level 17 in Fighting
 29590 | Spider:2 | Killed Nikola
 30297 | Spider:3 | Noticed Arachne
 30327 | Spider:3 | Killed Arachne
 30327 | Spider:3 | Received a gift from Okawaru
 30795 | Spider:4 | Entered Level 4 of the Spider Nest
 31686 | Spider:3 | Reached XP level 20. HP: 107/153 MP: 21/21
 31757 | Spider:4 | Reached skill level 18 in Fighting
 31917 | Spider:4 | Received a gift from Okawaru
 32093 | Spider:4 | Got a gossamer rune of Zot
 32667 | Elf:1    | Entered Level 1 of the Elven Halls
 33112 | Elf:1    | Identified Lugit's Collected Works on Combat Magic and Weightlessness
 33373 | Elf:1    | Found Ratejuihio's Magic Scroll Boutique.
 33381 | Elf:1    | Bought a scroll of enchant armour for 97 gold pieces
 33381 | Elf:1    | Bought a scroll of enchant armour for 97 gold pieces
 33664 | Elf:2    | Got a translucent scale mail
 33675 | Elf:2    | Identified the +2 scale mail of Experimentation {-Cast rPois Dex+4 Stlth+} (You found it on level 2 of the Elven Halls)
 33838 | Elf:2    | Found a runed gate.
 33838 | Elf:2    | Found a runed gate.
 33839 | Elf:2    | Found a runed gate.
 33874 | Elf:2    | Noticed Roxanne
 33913 | Elf:2    | Killed Roxanne
 33915 | Elf:2    | Identified Roxanne's Catalogue of Shape Shifting and Earth (You took it off Roxanne on level 2 of the Elven Halls)
 34635 | D:12     | Bought a potion of experience for 650 gold pieces
 34635 | D:12     | Reached skill level 19 in Fighting
 34635 | D:12     | Reached XP level 21. HP: 159/162 MP: 22/22
 34928 | Elf:3    | Entered Level 3 of the Elven Halls
 34928 | Elf:3    | Found Avir's Assorted Antiques.
 35063 | Elf:3    | Bought a potion of heal wounds for 105 gold pieces
 35088 | Elf:3    | Noticed Donald
 35100 | Elf:3    | Killed Donald
 35443 | Elf:3    | Received a gift from Okawaru
 36343 | Elf:3    | Got a polished scale mail
 36344 | Elf:3    | Identified the +10 scale mail "Piose" {rC+ Stlth+} (You took it off a deep elf priest on level 3 of the Elven Halls)
 36485 | Elf:3    | Reached XP level 22. HP: 132/171 MP: 16/23
 36506 | Elf:3    | Got a faintly glowing brass ring
 36513 | Elf:3    | Got a transparent quarterstaff
 36514 | Elf:3    | Identified the cursed +1 quarterstaff of Burr {elec, rPois MP+9 SInv} (You took it off a deep elf death mage on level 3 of the Elven Halls)
 36525 | Elf:3    | Identified the ring "Jampixyiwn" {-Tele Str+4 Slay+4} (You took it off a deep elf demonologist on level 3 of the Elven Halls)
 36610 | Elf:3    | Reached skill level 20 in Fighting
 36613 | Elf:3    | Got an ichor-stained lajatang
 36614 | Elf:3    | Identified the +3 lajatang of Turmoil {drain, rElec rPois rC-} (You took it off a deep elf priest on level 3 of the Elven Halls)
 36634 | Elf:3    | Got a bloodstained cloak
 36645 | Elf:3    | Identified the cursed +0 cloak of the Iron Devil {rF- Regen+ Stlth+} (You found it on level 3 of the Elven Halls)
 36673 | Elf:3    | Identified the Tome of Battle Magic and the Rocks
 36708 | Elf:3    | Learned a level 2 spell: Swiftness
 36717 | Elf:3    | Got a polished scale mail
 36728 | Elf:3    | Identified the +0 scale mail of Qopey {rC+} (You took it off a deep elf priest on level 3 of the Elven Halls)
 36740 | Elf:3    | Got a heavily jewelled robe
 36751 | Elf:3    | Identified the +2 robe of the Lizard {Dex+2} (You took it off a deep elf conjurer on level 3 of the Elven Halls)
 37170 | D:12     | Bought a polished scale mail for 207 gold pieces
 37170 | D:12     | Bought a pair of glowing boots for 103 gold pieces
 37190 | D:12     | Identified the cursed +1 scale mail "Wauwesinn" {Int+4} (You bought it in a shop on level 12 of the Dungeon)
 37483 | Swamp:1  | Entered Level 1 of the Swamp
 38111 | Swamp:1  | Received a gift from Okawaru
 38667 | Swamp:2  | Reached XP level 23. HP: 167/178 MP: 24/24
 39665 | Swamp:4  | Entered Level 4 of the Swamp
 40421 | Swamp:4  | Got a decaying rune of Zot
 40809 | Vaults:1 | Entered Level 1 of the Vaults
 40912 | Vaults:1 | Found Iciosamp's Assorted Antiques.
 40912 | Vaults:1 | Found Neorghayf's Armour Shoppe.
 40955 | Vaults:1 | Reached skill level 21 in Fighting
 40965 | Vaults:1 | Bought 2 scrolls of enchant armour for 360 gold pieces
 40983 | Vaults:1 | Found Naomne's Antique Armour Shoppe.
 40992 | Vaults:1 | Bought a shimmering ring mail for 288 gold pieces
 41002 | Vaults:1 | Identified the cursed +1 ring mail "Siuluen" {+Blink Slay+2} (You bought it in a shop on level 1 of the Vaults)
 41065 | Vaults:1 | Noticed Asterion
 41089 | Vaults:1 | Killed Asterion
 41482 | Vaults:1 | Noticed Wiglaf
 41513 | Vaults:1 | Killed Wiglaf
 41644 | Vaults:1 | Noticed Norris
 41671 | Vaults:1 | Killed Norris
 41671 | Vaults:1 | Received a gift from Okawaru
 41674 | Vaults:1 | Got a smoking shield {god gift}
 41684 | Vaults:1 | Identified the +2 shield of Prudence {+Inv rPois rC+ Dex+2} (Okawaru gifted it to you on level 1 of the Vaults)
 42004 | Vaults:1 | Reached XP level 24. HP: 187/187 MP: 24/24
 42312 | Vaults:2 | Found Ushrairch's Antique Armour Boutique.
 42915 | Vaults:2 | Reached XP level 25. HP: 184/194 MP: 24/24
 43016 | Vaults:2 | Got a spiked ring mail
 43027 | Vaults:2 | Identified the +4 ring mail of the Dice {Slay+2} (You found it on level 2 of the Vaults)
 43324 | Vaults:3 | Reached skill level 22 in Fighting
 43429 | Vaults:3 | Upgraded the game from 0.17-a0-1248-g117de50 to 0.17-a0-1262-gd250d98
 44275 | Vaults:3 | Received a gift from Okawaru
 44912 | Vaults:1 | Bought a scroll of brand weapon for 480 gold pieces
 45173 | Vaults:3 | Found a staircase to the Crypt.
 45173 | Vaults:3 | Found a basalt altar of Yredelemnul.
 45174 | Vaults:3 | Found an ancient bone altar of Kikubaaqudgha.
 45357 | Vaults:4 | Noticed Mara
 45360 | Vaults:4 | Noticed wvc's illusion
 45937 | Vaults:4 | Noticed wvc's illusion
 46053 | Vaults:4 | Noticed wvc's illusion
 46064 | Vaults:4 | Killed Mara
 46064 | Vaults:4 | Reached skill level 23 in Fighting
 46064 | Vaults:4 | Reached XP level 26. HP: 69/205 MP: 24/24
 47933 | Depths:1 | Entered Level 1 of the Depths
 48074 | Depths:1 | Found a one-way gate leading to the halls of Pandemonium.
 48097 | Depths:1 | Gained mutation: Your spells are a little easier to cast, but a little less powerful. [a cacodemon]
 48470 | Depths:1 | Received a gift from Okawaru
 48522 | Depths:1 | Was placed under penance by Okawaru
 49138 | Depths:1 | Found Cowiafet's Food Emporium.
 49328 | Depths:1 | Was forgiven by Okawaru
 49360 | Depths:1 | Got a clouded glass ring
 49362 | Depths:1 | Identified the ring of Immorality {Ice rElec Str+2} (You found it on level 1 of the Depths)
 49554 | Depths:1 | Found a gateway to Hell.
 51105 | Depths:2 | Reached skill level 24 in Fighting
 51227 | Depths:2 | Reached XP level 27. HP: 214/214 MP: 24/24
 51376 | Depths:3 | Noticed Frederick
 51404 | Depths:2 | Killed Frederick
 51653 | Depths:3 | Received a gift from Okawaru
 51746 | Depths:3 | Noticed Aizul
 51758 | Depths:3 | Killed Aizul
 51862 | Depths:3 | Found a gateway to a ziggurat.
 53492 | Depths:3 | Got a pair of twisted gloves
 53503 | Depths:3 | Identified the +1 pair of gloves of Terror {+Blink Int+2 Slay-2 Stlth-} (You found it on level 3 of the Depths)
 54252 | Depths:4 | Noticed the Enchantress
 54294 | Depths:4 | Cast into the Abyss (the Enchantress)
 54685 | Abyss:1  | Gained mutation: You expend magic power (3 MP) to strengthen your wands. [a neqoxec]
 55357 | Abyss:1  | Paralysed by accursed screaming for 2 turns
 55441 | Abyss:1  | Found a corrupted altar of Lugonu.
 55911 | Abyss:1  | Received a gift from Okawaru
 55985 | Depths:4 | Escaped the Abyss
 56315 | Depths:3 | Killed the Enchantress
 56317 | Depths:3 | Got a faerie dragon armour
 56325 | Depths:3 | Identified the +3 faerie dragon armour {rPois} (You took it off the Enchantress on level 3 of the Depths)
 58394 | Depths:4 | Found a runed door.
 58507 | Depths:4 | Received a gift from Okawaru
 59536 | Depths:4 | Found a radiant altar of Vehumet.
 59536 | Depths:4 | Noticed an ancient lich
 59557 | Depths:4 | Killed an ancient lich
 59557 | Depths:4 | Reached skill level 25 in Armour
 59573 | Depths:4 | Identified Esuky's Compendium of Blistering Combat Magic
 60164 | Elf:3    | Bought a scroll of acquirement for 1092 gold pieces
 60164 | Elf:3    | Bought a scroll of teleportation for 63 gold pieces
 60684 | Vaults:5 | Entered Level 5 of the Vaults
 60695 | Vaults:5 | Received a gift from Okawaru
 60884 | Vaults:5 | Got a garnet-encrusted ring mail
 60887 | Vaults:5 | Identified the +5 ring mail "Congaeh" {Regen+ Str+3} (You found it on level 5 of the Vaults)
 61459 | Vaults:5 | Reached skill level 15 in Dodging
 61531 | Vaults:5 | Received a gift from Okawaru
 61771 | Vaults:5 | Identified the Grimoire of Blistering Attacks
 61960 | Vaults:5 | Received a gift from Okawaru
 62164 | Vaults:5 | Got a silver rune of Zot
 62386 | Vaults:5 | Reached skill level 15 in Staves
 62444 | Vaults:5 | Received a gift from Okawaru
 63199 | Vaults:5 | Got a faintly glowing plate armour
 63200 | Vaults:5 | Identified the +1 plate armour of Absence {+Inv MP+9 Int+2 Dex-5} (You found it on level 5 of the Vaults)
 63911 | Orc:4    | Bought a scroll of teleportation for 48 gold pieces
 63911 | Orc:4    | Bought a scroll of enchant armour for 120 gold pieces
 63911 | Orc:4    | Bought a scroll of remove curse for 48 gold pieces
 63911 | Orc:4    | Bought a scroll of identify for 32 gold pieces
 63911 | Orc:4    | Bought a scroll of identify for 32 gold pieces
 64182 | D:2      | Fell from the grace of Okawaru
 64182 | D:2      | Became a worshipper of the Shining One
 64707 | Crypt:1  | Entered Level 1 of the Crypt
 64739 | Crypt:1  | Acquired the Shining One's first power
 64861 | Crypt:1  | Acquired the Shining One's second power
 65691 | Crypt:1  | Acquired the Shining One's third power
 66093 | Crypt:1  | Reached skill level 5 in Invocations
 66222 | Crypt:1  | Got a translucent leather armour
 66223 | Crypt:1  | Identified the +1 leather armour "Vure" {rF+ MR+ Str+2 Stlth+} (You found it on level 1 of the Crypt)
 66441 | Crypt:2  | Lost mutation: You expend magic power (3 MP) to strengthen your wands. [potion of cure mutation]
 66441 | Crypt:2  | Lost mutation: Your spells are a little easier to cast, but a little less powerful. [potion of cure mutation]
 66455 | Crypt:2  | Acquired the Shining One's fourth power
 67795 | Crypt:3  | Entered Level 3 of the Crypt
 68219 | Crypt:3  | Reached skill level 26 in Armour
 68515 | Crypt:3  | Noticed Sojobo
 68534 | Crypt:3  | Killed Sojobo
 69229 | Crypt:3  | Found a staircase to the Tomb.
 69588 | Crypt:3  | Found an ancient bone altar of Kikubaaqudgha.
 69808 | Crypt:3  | Noticed an ancient lich
 69812 | Crypt:3  | Noticed an ancient lich
 69847 | Crypt:3  | Slain by an Ice Fiend

Vault maps used:
D:1:      dpeg_arrival_brainrot
D:2:      tso_metal_star, serial_undead, serial_undead_a, serial_undead_e,
          serial_undead_b, serial_undead_e, first_bread
D:3:      grunt_dithmenos_smoke, overflow_temple_1_default,
          minmay_misc_feat_nine_boxes, uniq_iyjb
D:5:      nicolae_for_you_no_charge
D:6:      minmay_temple_entry_overgrown
D:7:      gammafunk_temple_overflow_elements, uniq_menkaure
D:8:      lair_0_dummy, uniq_grum, uniq_erica, uniq_pikel
D:9:      xom_confusion_cloud, david_orc_4
D:11:     enter_bailey_3
D:12:     serial_shops, kennysheep_little_box, kennysheep_mini,
          nicolae_shop_overgrown_old_shop,
          nicolae_shop_temple_entry_statues_fountains,
          bh_hangedman_babel_library
D:13:     david_vaults_5, blue_anna_alchemist
D:14:     kennysheep_cross_landing
D:15:     grunt_enter_depths_snipers
Temple:   nicolae_temple_god_jail
Lair:1:   grunt_megastairs_4
Lair:2:   dpeg_oklob_gauntlet, basic_altar, lab_entry_generic
Lair:3:   minmay_lair_oklob_items, uniq_sonja, uniq_maud
Lair:4:   minmay_swamp_entry_wisps, basic_altar, minivault_11, ice2_lemuel,
          lemuel_fruit_fields
Lair:5:   uniq_snorg
Lair:6:   spider_nest_entry_rubble, serial_bayou_crossing, grunt_megastairs_2
Lair:7:   dpeg_slime_entry_enclosed_altar, portal_ice_cave_entry_ice_beasts,
          enter_volcano_1, grunt_forest_large_clearings
Lair:8:   evilmike_catoblepas_cave, guppyfry_lair_drakes, lemuel_fruit_fields
Swamp:1:  nicolae_swamp_round_clearing, nicolae_swamp_fairy_circle,
          infiniplex_staircase_pool
Swamp:2:  evilmike_swamp_ruin_rubble_1, infiniplex_staircase_pool_2
Swamp:3:  evilmike_swamp_ruin_rubble_2, swamp_pool5, st_shrine_of_shade
Swamp:4:  swamp_alternative
Spider:2: uniq_nikola
Spider:3: uniq_arachne
Spider:4: grunt_spider_rune_parallel
Orc:1:    nicolae_orc_accident_3, serial_shops, shop, uniq_fannar
Orc:3:    nicolae_orc_pool_cavern, guppyfry_library_mini
Orc:4:    st_orc_town, serial_shops, nicolae_shop_stone, shop,
          nicolae_shop_crystal, uniq_josephine
Elf:1:    minmay_elf_arrival_circle, serial_shops, shop_scrolls,
          minmay_elf_annihilation, spider_trap
Elf:2:    nicolae_twisting_strands, solitary_fountain, uniq_louise, uniq_roxanne
Elf:3:    minmay_elf_hall_circle, serial_shops, nicolae_shop_crystal,
          uniq_donald
Vaults:1: nicolae_vaults_yaktaur_gun_rack, hangedman_vaults_hard_town_square,
          ontoclasm_vaults_shuriken, vaults_room_pool, vaults_room_ringed_pool,
          vaults_room_octagon, vaults_dpeg_doors, vaults_room_large_hall,
          vaults_mumra_chevron_long, vaults_room_corners, v_alt_pattern_4,
          vaults_room_pool, nicolae_vaults_ring_of_whatevers, uniq_asterion,
          uniq_wiglaf, uniq_norris
Vaults:2: v_misc_11, ontoclasm_vaults_decontamination, vaults_dpeg_cross,
          v_misc_32, v_misc_25, vaults_room_large_hall, vaults_room_fours,
          v_misc_10, v_misc_2, grunt_vaults_twisty, grunt_vaults_focal,
          v_misc_17, serial_shops, shop_statue
Vaults:3: nicolae_vaults_twisting_passages, hangedman_vaults_river_flow,
          nicolae_vaults_mini_display_case, dpeg_vaults_monster_box,
          vaults_room_boxed, v_misc_8, nicolae_vaults_diagonal_hallway_7,
          v_pattern_5, ontoclasm_vaults_ring_small, ontoclasm_vaults_tryst,
          nicolae_vaults_shelves_hall, nicolae_vaults_ring_of_whatevers,
          minmay_crypt_entry_necro_gods, vaults_room_pools
Vaults:4: hangedman_vaults_snaps, v_misc_4, v_rooms_4, vaults_dpeg_encased_lava,
          ontoclasm_vaults_pinch, v_misc_15, vaults_dpeg_ring, uniq_mara
Crypt:2:  minivault_24
Crypt:3:  evilmike_haunted_forest, uniq_sojobo
Depths:1: serial_shops, shop, grunt_pan_entry_spiral, hell_entry,
          hangedman_decor_opposing, wad_mini_maze, grunt_megastairs_3,
          firewood_loft
Depths:2: minmay_tri_box, pan_entry, hellmouth_1, minmay_misc_feat_more_columns,
          minmay_staircase_bubble
Depths:3: evilmike_diamond_1, enter_ziggurat_d, grunt_pan_entry_in_and_out,
          grunt_hell_entry_dis_grunt, infiniplex_staircase_zigzag_5,
          serial_bayou_shore_b, serial_bayou_shore_b, uniq_aizul, uniq_frederick
Depths:4: minmay_open_boxes_in_corner, marbit_kobold_abyss_entry,
          grunt_metal_band, serial_sigils_hangedman_confine,
          grunt_absolute_annihilation, minmay_staircase_statues,
          uniq_enchantress, uniq_jorgrun
Lab:      labyrinth_spiral
Bailey:   bailey_axe_4, bailey
Volcano:  volcano_village

Action                   |  1- 3 |  4- 6 |  7- 9 | 10-12 | 13-15 | 16-18 | 19-21 | 22-24 | 25-27 || total
-------------------------+-------+-------+-------+-------+-------+-------+-------+-------+-------++-------
Melee: Quarterstaff      |   101 |   153 |   486 |  1259 |   803 |       |       |   121 |       ||  2923
       Lajatang          |       |       |       |       |   766 |  1056 |  1092 |   954 |  4327 ||  8195
 Fire: Blowgun           |       |     4 |       |    32 |     3 |       |       |       |       ||    39
Throw: Throwing net      |       |     3 |     3 |       |       |       |       |       |       ||     6
       Tomahawk          |       |       |       |    68 |    58 |       |       |       |       ||   126
 Cast: Repel Missiles    |       |       |       |     1 |       |       |       |       |       ||     1
Invok: Heroism           |       |       |     4 |    25 |    11 |     3 |     8 |     1 |    18 ||    70
       Finesse           |       |       |       |     1 |       |       |     2 |       |     1 ||     4
       Divine Shield     |       |       |       |       |       |       |       |       |     2 ||     2
       Cleansing Flame   |       |       |       |       |       |       |       |       |     1 ||     1
       Summon Divine War |       |       |       |       |       |       |       |       |     1 ||     1
 Abil: Evoke Berserk Rag |       |       |       |       |     1 |       |       |       |       ||     1
Evoke: Wand              |       |       |       |     7 |    19 |     6 |     7 |       |    12 ||    51
       Fan of gales      |       |       |       |       |       |     1 |       |       |     2 ||     3
  Use: Scroll            |       |     9 |     9 |    14 |    11 |     7 |     9 |    12 |    43 ||   114
       Potion            |       |       |       |    11 |       |     7 |     8 |     2 |    13 ||    41
 Stab: Held in net/web   |       |     2 |     4 |       |       |       |       |       |       ||     6
       Distracted        |       |       |       |     2 |       |       |       |       |     1 ||     3
       Sleeping          |       |       |       |     4 |       |       |       |       |       ||     4
       Petrifying        |       |       |       |       |     4 |       |       |       |       ||     4
       Petrified         |       |       |       |       |     2 |       |       |       |       ||     2
       Invisible         |       |       |       |       |       |     3 |    17 |       |    11 ||    31
  Eat: Chunk             |     1 |     3 |     9 |     9 |     1 |     3 |       |     4 |    12 ||    42
       Beef jerky        |     1 |       |     1 |       |     3 |     2 |     3 |     2 |     8 ||    20
       Fruit             |     1 |       |       |       |     2 |    33 |     9 |     5 |     5 ||    55
       Pizza             |       |       |     1 |     2 |     2 |       |     3 |       |     2 ||    10
       Meat ration       |       |       |       |     3 |     4 |       |     4 |     1 |     8 ||    20
       Bread ration      |       |       |       |     1 |     1 |       |     1 |     1 |     5 ||     9
       Royal jelly       |       |       |       |       |     1 |       |       |       |     1 ||     2
